 Dungeon Crawl Stone Soup version 0.28-a0-1567-g1695149f81 (webtiles) character file.

Game seed: 17755805352718279994

43 southernslant the Poker (level 3, -2/16 HPs)
             Began as a Vine Stalker Gladiator on Jan 20, 2022.
             Was a Believer of Hepliaklqana.
             Slain by a gnoll (3 damage)
             ... on level 2 of the Dungeon.
             The game lasted 00:04:04 (1088 turns).

southernslant the Poker (Vine Stalker Gladiator)    Turns: 1088, Time: 00:04:04

Health: -2/16      AC:  4    Str: 18    XL:     3   Next: 58%
Magic:  0/4        EV:  6    Int:  8    God:    Hepliaklqana [**....]
Gold:   98         SH:  0    Dex: 15    Spells: 3/3 levels left

rFire   . . .      SeeInvis .   a - +0 trident
rCold   . . .      Faith    +   (no shield)
rNeg    . . .      Spirit   +   b - +0 leather armour
rPois   .          Reflect  .   c - +0 helmet
rElec   .          Harm     .   (no cloak)
rCorr   .          Rampage  .   (no gloves)
Will    .....                   (no boots)
Stlth   +.........              g - amulet of faith
HPRegen 0.05/turn               (no ring)
MPRegen 0.09/turn               (no ring)

@: held
A: reduced essence, fangs 2, magic shield, antimagic bite, no potion heal 2
a: Renounce Religion, Recall Ancestor, Ancestor Identity


You were on level 2 of the Dungeon.
You worshipped Hepliaklqana.
Hepliaklqana was pleased with you.
You visited 1 branch of the dungeon, and saw 2 of its levels.

You collected 98 gold pieces.

Inventory:

Hand Weapons
 a - a +0 trident (weapon)
Missiles
 d - 3 throwing nets (quivered)
 f - 47 stones
 k - 3 poisoned darts
Armour
 b - a +0 leather armour (worn)
 c - a +0 helmet (worn)
Jewellery
 g - an amulet of faith (around neck)
Scrolls
 e - a scroll of noise {unknown}
 j - a scroll of enchant armour {unknown}
Potions
 h - a potion of berserk rage {unknown}
 i - 2 potions of curing {unknown}
 l - a potion of lignification {unknown}


   Skills:
 * Level 2.1 Fighting
 + Level 2.9 Polearms
 + Level 2.0 Throwing
 * Level 0.9 Armour
 + Level 2.5 Dodging
 * Level 1.1 Shields
 + Level 0.6 Spellcasting


You had 3 spell levels left.
You didn't know any spells.
Your spell library contained the following spells:

 Spells                   Type           Power      Damage    Failure   Level
 Foxfire                  Conj/Fire      0%         2x1d4     45%         1
 Ensorcelled Hibernation  Hex/Ice        0%         N/A       58%         2
 Passwall                 Tmut/Erth      0%         N/A       58%         2
 Conjure Flame            Conj/Fire      0%         6-21      83%         3
 Inner Flame              Hex/Fire       0%         N/A       83%         3
 Swiftness                Air            0%         N/A       83%         3
 Flame Wave               Conj/Fire      0%         2d4       99%         4


Dungeon Overview and Level Annotations

Branches:
Dungeon (2/15)

Altars:
Hepliaklqana
Wu Jian

Shops:
D:1 [


Innate Abilities, Weirdness & Mutations

Your life essence is reduced to manifest your ancestor. (-10% HP)
You have extremely sharp teeth.
When hurt, damage is shared between your health and your magic reserves.
Your bite disrupts and absorbs the magic of your enemies.
Potions cannot restore your health.


Message History

You kill the rat!
No target in view!
No target in view!
f - 47 stones (gained 11) 2 gnolls come into view.
Found a scroll labelled JIEGODOEMO.
The gnoll shouts!
There are monsters nearby!
There are monsters nearby!
A gnoll comes into view. It is wielding a +0 club.
The gnoll shouts!
A gnoll comes into view. It is wielding a +0 spear.
You swap places.
The gnoll hits Xochipepe with a +0 whip!
Xochipepe closely misses the gnoll.
The gnoll hits Xochipepe with a +0 whip!
Xochipepe is destroyed!
Are you sure you want to remember your ancestor as a knight?
It is so.
Xochipepe is still trapped in memory!
You reach to attack!
You barely miss the gnoll. The gnoll closely misses you.
You hit the gnoll. You bite the gnoll, but do no damage.
The gnoll is moderately wounded.
The gnoll closely misses you. x2
You closely miss the gnoll. You bite the gnoll. You drain its power.
The gnoll is severely wounded.
The gnoll hits you with a +0 whip.
The gnoll hits you from afar with a +0 spear.
The gnoll hits you with a +0 whip.
You puncture the gnoll!
You kill the gnoll!
The gnoll hits you from afar with a +0 spear.
* * * LOW HITPOINT WARNING * * *
The gnoll throws a throwing net.
The throwing net hits you.
You become entangled in the net!
Unknown command.
The gnoll hits you from afar with a +0 spear.
* * * LOW HITPOINT WARNING * * *
The gnoll hits you from afar with a +0 spear.
You die...

..........##.........#
...........#.........#
..........>#.........#
...........#.........#
.....................#
...........#.........#
..........##.........#
.........###.........#
####...#########@#####
...........?.###)######...
.###.#.#####...ggg........
...................####..
.......<##..........#
.....†...#..........#
.....................#
.............).........
....................##..


You could see 3 gnolls.

Vanquished Creatures
  A gnoll (D:2)
  3 dart slugs
  A goblin (D:2)
  5 hobgoblins
  2 quokkas
  5 ball pythons (D:1)
  2 frilled lizards (D:1)
  3 kobolds (D:1)
  6 rats
28 creatures vanquished.

Vanquished Creatures (collateral kills)
  A bat (D:2)
1 creature vanquished.

Vanquished Creatures (others)
  An ancestor (D:2)
1 creature vanquished.

Grand Total: 30 creatures vanquished

Notes
Turn   | Place    | Note
-------+----------+-------------------------------------------
     0 | D:1      | southernslant the Vine Stalker Gladiator began the quest
                  | for the Orb.
     0 | D:1      | Reached XP level 1. HP: 11/11 MP: 2/2
    85 | D:1      | Reached XP level 2. HP: 15/15 MP: 3/3
   297 | D:1      | Found a faded altar of an unknown god.
   537 | D:1      | Prayed at the altar of an unknown god.
   537 | D:1      | Became a worshipper of Hepliaklqana the Forgotten
   537 | D:1      | Reached * piety under Hepliaklqana
   744 | D:1      | Found Ulamm's Armour Shop.
   938 | D:2      | Reached ** piety under Hepliaklqana
   942 | D:2      | Reached XP level 3. HP: 16/16 MP: 4/4
   965 | D:2      | Reached skill level 1 in Shields
   988 | D:2      | Found an ornate altar of the Wu Jian Council.
  1081 | D:2      | Remembered your ancestor Xochipepe as a knight
  1088 | D:2      | Slain by a gnoll

Illustrated notes

Levels and vault maps discovered:
D:1:      dpeg_arrival_boxes_within_box, layout_rooms,
          nicolae_ecumenical_snake_handling, serial_shops, nicolae_diamond_shop
D:2:      layout_rooms, basic_altar, grunt_decor_cap, chequers_jeans

Skill      XL: |  1  2  3 |
---------------+----------+-----
Fighting       | 2 |  2.1
Throwing       | 2 |  2.0
Shields        | 1 |  1.1
Polearms       | |  2.9
Armour         | |  0.9
Dodging        | |  2.5
Spellcasting   | |  0.6

Action                   || total
-------------------------++-------
Melee: Trident           ||    70
       Bite              ||    12
       Punch             ||     1
Invok: Ancestor Life: Kn ||     1
 Stab: Sleeping          ||     1
Armor: Leather armour    ||    11
Dodge: Dodged            ||    29

Table legend: (Time is in decaauts)
 A = Elapsed time spent in this place.
 B = Non-inter-level travel time spent in this place.
 C = Inter-level travel time spent in this place.
 D = Time resting spent in this place.
 E = Time spent auto-exploring this place.
 F = Levels seen in this place.
 G = Mean time per level.
                   A        B        C        D        E       F      G
               +--------+--------+--------+--------+--------+-----+--------+
         Total |   1099 |   1078 |     21 |      0 |    869 |   2 |  549.5 |
       Dungeon |   1099 |   1078 |     21 |      0 |    869 |   2 |  549.5 |
               +--------+--------+--------+--------+--------+-----+--------+

Top non-repeatable levels by time:
     D:1: 946 daAuts
     D:2: 152 daAuts
